 Dungeon Crawl Stone Soup version 0.21.0-22-g11d5b52 (webtiles) character file.

102 Faca the Chopper (level 5, -8/41 HPs)
             Began as a Formicid Fighter on Jan 18, 2018.
             Killed by divine providence
             ... invoked by an orc priest
              (17 damage)
             ... on level 3 of the Dungeon on Jan 19, 2018.
             The game lasted 00:03:23 (1776 turns).

Faca the Chopper (Formicid Fighter)                 Turns: 1776, Time: 00:03:24

Health: -8/41      AC:  6    Str: 20    XL:     5   Next: 5%
Magic:  5/5        EV:  7    Int:  8    God:
Gold:   136        SH:  9    Dex: 11    Spells: 4/4 levels left

rFire    . . .     SeeInvis +   a - +0 war axe
rCold    + . .     Gourm    .   c - +0 shield
rNeg     . . .     Faith    .   b - +0 scale mail
rPois    .         Spirit   .   (helmet unavailable)
rElec    .         Reflect  .   (no cloak)
rCorr    .         Harm     .   (no gloves)
MR       .....                  (no boots)
Stlth    ..........             (no amulet)
HPRegen  0.13/turn              l - ring of protection from cold
MPRegen  0.09/turn              (no ring)

@: no status effects
A: permanent stasis, dig shafts and tunnels, four strong arms, antennae 3
a: Dig, Shaft Self


You were on level 3 of the Dungeon.
You were not hungry.

You visited 1 branch of the dungeon, and saw 3 of its levels.

You collected 136 gold pieces.

Inventory:

Hand Weapons
 a - a +0 war axe (weapon)
Armour
 b - a +0 scale mail (worn)
 c - a +0 shield (worn)
Jewellery
 l - a ring of protection from cold (left hand)
Scrolls
 h - 2 scrolls of remove curse
 i - a scroll of enchant armour {unknown}
 n - a scroll of teleportation {unknown}
 q - a scroll of enchant weapon {unknown}
Potions
 d - a potion of might
 e - a potion of curing {unknown}
 g - 2 potions of heal wounds
 j - a potion of resistance {unknown}
 m - a potion of magic {unknown}
 o - a potion of berserk rage {unknown}
 p - a potion of agility
Comestibles
 f - 3 rations


   Skills:
 - Level 3.2 Fighting
 * Level 4.8 Axes
 - Level 3.2 Armour
 - Level 3.6 Shields


You had 4 spell levels left.
You didn't know any spells.

Dungeon Overview and Level Annotations

Branches:
Dungeon (3/15)

Altars:


Innate Abilities, Weirdness & Mutations

You cannot be hasted, slowed, berserked, paralysed or teleported.
You can dig through walls and to a lower floor.
Your four strong arms can wield two-handed weapons with a shield.
You have a pair of large antennae on your head. (SInv)


Message History

Your shield prevents you from hitting the orc.
You block the orc's attack. You block the orc priest's attack.
The orc hits you but does no damage. The orc closely misses you.
The orc priest invokes the aid of Beogh against you.
Beogh smites you!
You hit the orc priest.
The orc priest is severely wounded.
You slash the orc!
You kill the orc!
You hit the orc. You block the orc's attack.
The orc priest calls down the wrath of Beogh upon you.
Beogh smites you!
* * * LOW HITPOINT WARNING * * *
You closely miss the orc priest.
The orc priest is severely wounded.
You slash the orc!
You kill the orc!
The orc priest mumbles some strange prayers to Beogh against you.
Beogh smites you!
You die...

#. . #.###.###
.#
#......<####.#
#####.#......#
##.#....#....
###.......# .
#.........#
#.#.#.....#
.....#..@†.# .
......[)o.#
...............
.....#####.##.##
..... .# ## ..
.. .. ..#


You could see an orc priest.

Vanquished Creatures
  Jessica (D:2)
  2 adders (D:2)
  A dart slug (D:1)
  3 leopard geckos
  4 orcs (D:3)
  5 bats
  2 giant cockroaches
  4 goblins
  7 hobgoblins
  2 jackals (D:1)
  4 frilled lizards
  8 kobolds
  6 rats
49 creatures vanquished.

Notes
Turn   | Place    | Note
-------+----------+-------------------------------------------
     0 | D:1      | Faca the Formicid Fighter began the quest for the Orb.
     0 | D:1      | Reached XP level 1. HP: 18/18 MP: 1/1
   133 | D:1      | Reached XP level 2. HP: 20/24 MP: 2/2
   171 | D:1      | Reached skill level 3 in Axes
   386 | D:1      | Reached XP level 3. HP: 20/29 MP: 3/3
   990 | D:2      | Noticed Jessica
  1001 | D:2      | Killed Jessica
  1001 | D:2      | Reached skill level 4 in Axes
  1001 | D:2      | Reached XP level 4. HP: 26/35 MP: 4/4
  1771 | D:3      | Reached XP level 5. HP: 39/41 MP: 5/5
  1776 | D:3      | Killed from afar by an orc priest

Skill      XL: |  1  2  3 |
---------------+----------+-----
Axes           | 3 4 |  4.8
Fighting       | |  3.2
Armour         | |  3.2
Shields        | |  3.6

Action                   |  1- 3 |  4- 6 || total
-------------------------+-------+-------++-------
Melee: War axe           |    80 |    62 ||   142
  Use: Scroll            |       |     3 ||     3
  Eat: Ration            |       |     1 ||     1
Armor: Scale mail        |    44 |    25 ||    69
Dodge: Dodged            |    29 |    20 ||    49
Block: Shield            |    46 |    56 ||   102
